 Dungeon Crawl Stone Soup version 0.19.5 (webtiles) character file.

3087 Reinor the Cruncher (level 9, 0/75 HPs)
             Began as a Minotaur Gladiator on Mar 19, 2017.
             Was a Believer of Okawaru.
             Killed from afar by a steam dragon (14 damage)
             ... with a ball of steam
             ... on level 8 of the Dungeon.
             The game lasted 00:29:05 (7475 turns).

Reinor the Cruncher (Minotaur Gladiator)            Turns: 7475, Time: 00:29:05

Health: 0/75       AC: 12    Str: 20    XL:     9   Next: 59%
Magic:  11/11      EV: 15    Int:  5    God:    Okawaru [**....]
Gold:   573        SH:  0    Dex: 16    Spells: 0 memorised, 8 levels left

rFire  . . .     SeeInvis .     y - staff of air
rCold  + + .     Gourm    .     A - +2 ring mail {rC+}
rNeg   . . .     Faith    .     (no shield)
rPois  .         Spirit   .     c - +1 hat
rElec  +         Reflect  .     s - +0 cloak
rCorr  .         Harm     .     (no gloves)
MR     .....                    H - +0 pair of boots
Stlth  +.........               (no amulet)
                                v - +1 ring of protection
                                p - ring of wizardry

@: no status effects
A: retaliatory headbutt, horns 2, agile 1, cold resistance 1, wild magic 1
a: Heroism, Renounce Religion


You were on level 8 of the Dungeon.
You worshipped Okawaru.
Okawaru was pleased with you.
You were not hungry.

You visited 2 branches of the dungeon, and saw 9 of its levels.
You also visited: Ossuary.

You collected 573 gold pieces.

Inventory:

Hand Weapons
 a - a +1 quarterstaff
Missiles
 d - 3 throwing nets (quivered)
Armour
 c - a +1 hat (worn)
 g - a +0 troll leather armour {Purgy}
 s - a +0 cloak (worn)
 A - a +2 ring mail of cold resistance (worn)
 H - a +0 pair of boots (worn)
Magical Staves
 y - an uncursed staff of air (weapon)
Jewellery
 p - a ring of wizardry (left hand)
 v - a +1 ring of protection (right hand)
Wands
 l - a wand of polymorph (7/24)
 t - a wand of confusion (32/48)
 x - a wand of paralysis (3/24)
Scrolls
 i - 7 scrolls of teleportation
 j - 2 scrolls of enchant armour
 w - 2 scrolls of recharging
 B - 2 scrolls of remove curse
 G - a scroll of fog
Potions
 b - 3 potions of cancellation
 e - 5 potions of curing
 h - 3 potions of agility
 k - a potion of resistance
 m - 4 potions of might
 n - a potion of brilliance
 z - a potion of lignification
 C - a potion of invisibility {unknown}
 D - a potion of magic {unknown}
 E - 2 potions of haste {unknown}
Comestibles
 f - 6 bread rations
 o - 5 meat rations
 q - 6 slices of pizza
 r - 4 beef jerkies
 u - 3 fruits


   Skills:
 - Level 6.1 Fighting
 - Level 10.1 Staves
 - Level 2.0 Throwing
 - Level 6.0 Armour
 - Level 6.0 Dodging
 + Level 4.6 Invocations
 + Level 4.2 Evocations


You had 8 spell levels left.
You didn't know any spells.

Dungeon Overview and Level Annotations

Branches:
Dungeon (8/15)             Temple (1/1) D:5
   Lair: D:8-11

Altars:
Ashenzari
Cheibriados
Dithmenos
Elyvilon
Fedhas
Gozag
Hepliaklqana
Kikubaaqudgha
Makhleb
Nemelex Xobeh
Okawaru
Qazlal
Ru
Sif Muna
Trog
Uskayaw
Vehumet
Xom
Yredelemnul
Zin
The Shining One

Shops:
D:7 [   D:8 :


Innate Abilities, Weirdness & Mutations

You reflexively headbutt those who attack you in melee.
You have a pair of horns on your head.
You are agile. (Dex +2)
Your flesh is cold resistant. (rC+)
Your spells are a little harder to cast, but a little more powerful.


Message History

You hit the steam dragon but do no damage.
The steam dragon is lightly wounded.
The steam dragon breathes steam at you. The ball of steam hits you!
* * * LOW HITPOINT WARNING * * *
You hit the steam dragon.
The steam dragon is moderately wounded.
You are engulfed in a cloud of scalding steam.
* * * LOW HITPOINT WARNING * * *
The steam dragon bites you but does no damage.
The steam dragon claws you but does no damage.
Quiver which item? (- for none, * to show all) (? for menu, Esc to quit)
Okay, then.
Okay, then.
You are engulfed in a cloud of scalding steam.
The steam dragon breathes steam at you. The ball of steam misses you.
The steam dragon breathes steam at you. The ball of steam hits you!
You die...

#.....##.# #........(....
#.....##.# #.............
#.....##.# #.............
..)##.....##.########+###'##....
...........'................'....
.#####.....###§#######.##..##....
#.....#§D§........##.......#
#.....#.##§#########.#####.#
#...(.#§#..@.............#.#
#.....#.#..##.#+####.###.#.#
#.....#.#.........#....#.#(#
...####.##..##....#..#<#.#
#..[...+....#..###.#
#####..#....#......# ##.##
#....#### #..# #....# ##.##
#....#


There were no monsters in sight!

Vanquished Creatures
  An ugly thing (D:7)
  Sigmund (D:6)
  4 hogs
  A human (D:7)
  A hungry ghost (D:6)
  A water moccasin (D:6)
  Duvessa (D:6)
  A sky beast (D:5)
  Purgy (D:3)
  2 phantoms
  An ogre (D:6)
  A necrophage (D:7)
  Dowan (D:6)
  A howler monkey (D:7)
  A crimson imp (D:8)
  3 hounds
  A bullfrog zombie (D:8)
  A gnoll shaman (D:8)
  A centaur skeleton (D:4)
  A bullfrog skeleton (D:4)
  Jessica (D:2)
  An iguana (D:7)
  An orc wizard (D:6)
  6 worker ants
  2 hound zombies (D:5)
  A hound skeleton (D:5)
  8 mummies (Ossuary)
  7 gnolls
  6 adders
  4 shadow imps
  2 oozes
  3 adder skeletons
  2 worms
  3 dart slugs
  6 leopard geckos
  15 orcs
  4 giant cockroaches
  6 goblins
  5 hobgoblins
  13 jackals
  7 kobolds
  A ball python (D:4)
  3 bats
  8 frilled lizards
  2 giant cockroach zombies (D:6)
  2 gnoll zombies (Ossuary)
  2 hobgoblin zombies (Ossuary)
  A kobold zombie (Ossuary)
  3 orc zombies (Ossuary)
  A quokka skeleton (D:4)
  A quokka zombie (D:6)
  6 rats
159 creatures vanquished.

Vanquished Creatures (others)
  A bullfrog (D:6)
  An adder (D:6)
  A quokka (D:6)
3 creatures vanquished.

Grand Total: 162 creatures vanquished

Notes
Turn   | Place    | Note
-------+----------+-------------------------------------------
     0 | D:1      | Reinor the Minotaur Gladiator began the quest for the Orb.
     0 | D:1      | Reached XP level 1. HP: 18/18 MP: 0/0
   118 | D:1      | Reached skill level 4 in Staves
   185 | D:1      | Reached XP level 2. HP: 22/25 MP: 1/1
   744 | D:1      | Reached skill level 5 in Staves
   838 | D:2      | Found a sparkling altar of Nemelex Xobeh.
   903 | D:2      | Found a blossoming altar of Fedhas.
   972 | D:2      | Reached XP level 3. HP: 30/30 MP: 2/2
  1315 | D:2      | Reached XP level 4. HP: 33/37 MP: 3/3
  1333 | D:2      | Noticed Jessica
  1338 | D:2      | Killed Jessica
  1338 | D:2      | Reached skill level 6 in Staves
  1521 | D:2      | Found a faded altar of an unknown god.
  1521 | D:2      | Found a faded altar of an unknown god.
  1529 | D:2      | Found an ancient bone altar of Kikubaaqudgha.
  1531 | D:2      | Found a faded altar of an unknown god.
  1533 | D:2      | Found a faded altar of an unknown god.
  1786 | D:3      | Found a basalt altar of Yredelemnul.
  1996 | D:3      | Reached XP level 5. HP: 25/42 MP: 4/4
  2230 | D:3      | Noticed Purgy
  2250 | D:3      | Killed Purgy
  2473 | D:3      | Found a deep blue altar of Sif Muna.
  2764 | D:4      | Reached XP level 6. HP: 50/50 MP: 5/5
  3275 | D:5      | Entered Level 5 of the Dungeon
  3324 | D:5      | Noticed a sky beast
  3331 | D:5      | Killed a sky beast
  3331 | D:5      | Reached skill level 5 in Fighting
  3472 | D:5      | Found a staircase to the Ecumenical Temple.
  3476 | D:5      | Reached XP level 7. HP: 62/62 MP: 6/6
  3499 | Temple   | Entered the Ecumenical Temple
  4061 | D:5      | Found a glowing silver altar of Zin.
  4542 | D:6      | Reached skill level 5 in Dodging
  4673 | D:6      | Noticed a hungry ghost
  4701 | D:6      | Killed a hungry ghost
  4775 | D:6      | Found a white marble altar of Elyvilon.
  4778 | D:6      | Noticed Duvessa
  4778 | D:6      | Noticed Dowan
  4809 | D:6      | Killed Duvessa
  4809 | D:6      | Reached skill level 5 in Armour
  4809 | D:6      | Reached XP level 8. HP: 33/70 MP: 7/7
  4846 | D:6      | Killed Dowan
  4915 | D:6      | Noticed Sigmund
  4916 | D:6      | Gained mutation: Your flesh is cold resistant. (rC+) [potion of mutation]
  4916 | D:6      | Gained mutation: Your spells are a little harder to cast, but a little more powerful. [potion of mutation]
  4916 | D:6      | Gained mutation: You are agile. (Dex +2) [potion of mutation]
  4963 | D:6      | Killed Sigmund
  4963 | D:6      | Reached skill level 7 in Staves
  4991 | D:6      | Reached skill level 8 in Staves
  5452 | D:7      | Found an iron altar of Okawaru.
  5461 | D:7      | Became a worshipper of Warmaster Okawaru
  5647 | D:7      | Found a sand-covered staircase.
  5654 | Ossuary  | Entered an ossuary
  5727 | Ossuary  | Reached skill level 9 in Staves
  5987 | D:7      | Found Depric's Armour Shoppe.
  6121 | D:7      | Reached skill level 10 in Staves
  6132 | D:7      | Reached * piety under Okawaru
  6132 | D:7      | Reached skill level 1 in Invocations
  6132 | D:7      | Reached skill level 1 in Evocations
  6132 | D:7      | Reached XP level 9. HP: 17/75 MP: 8/8
  6572 | D:7      | Found a sparkling altar of Nemelex Xobeh.
  6692 | D:7      | Found a snail-covered altar of Cheibriados.
  6692 | D:7      | Found a shattered altar of Ashenzari.
  6917 | D:7      | Noticed a cyan ugly thing
  6946 | D:7      | Killed a cyan ugly thing
  6946 | D:7      | Reached ** piety under Okawaru
  7205 | D:8      | Found a hide-covered altar of Uskayaw.
  7286 | D:8      | Found a stormy altar of Qazlal.
  7427 | D:8      | Found Amnymauc's Book Shop.
  7475 | D:8      | Killed from afar by a steam dragon

Skill      XL: |  1  2  3  4  5  6  7  8  9 |
---------------+----------------------------+-----
Staves         | 4 5 6 10 | 10.1
Armour         | 2 5 6 |  6.0
Dodging        | 4 6 |  6.0
Fighting       | 5 6 |  6.1
Invocations    | 1 4 |  4.6
Evocations     | 1 4 |  4.2
Throwing       | |  2.0

Action                   |  1- 3 |  4- 6 |  7- 9 || total
-------------------------+-------+-------+-------++-------
Melee: Quarterstaff      |    62 |   123 |    66 ||   251
       Headbutt          |    11 |    16 |   104 ||   131
       Staff             |       |       |   364 ||   364
       Punch             |       |       |     1 ||     1
Throw: Throwing net      |       |       |     2 ||     2
Invok: Heroism           |       |       |     1 ||     1
  Use: Scroll            |     4 |     9 |     7 ||    20
       Potion            |     1 |     2 |     4 ||     7
 Stab: Sleeping          |       |     1 |       ||     1
  Eat: Chunk             |     1 |     6 |    12 ||    19
       Pizza             |       |       |     2 ||     2
       Fruit             |       |       |     1 ||     1
Armor: Leather armour    |     9 |    23 |    24 ||    56
       Skin              |       |    31 |       ||    31
       Ring mail         |       |       |    86 ||    86
Dodge: Dodged            |    38 |    66 |   226 ||   330
